 Dungeon Crawl Stone Soup version 0.20-a0-1124-g2e29d97 (webtiles) character file.

72 JeffiDaFish the Covered (level 4, -2/29 HPs)
             Began as a Gargoyle Fighter on May 16, 2017.
             Killed by divine providence
             ... invoked by an orc priest
              (11 damage)
             ... on level 3 of the Dungeon.
             The game lasted 00:04:06 (1619 turns).

JeffiDaFish the Covered (Gargoyle Fighter)          Turns: 1619, Time: 00:04:07

Health: -2/29      AC: 13    Str: 19    XL:     4   Next: 26%
Magic:  4/4        EV:  7    Int:  9    God:
Gold:   149        SH:  9    Dex: 12    Spells: 3/3 levels left

rFire    . . .     SeeInvis .   a - +0 flail
rCold    . . .     Gourm    .   c - +0 shield
rNeg     + . .     Faith    .   b - +0 scale mail
rPois    ∞         Spirit   .   e - +0 helmet
rElec    +         Reflect  .   (no cloak)
rCorr    .         Harm     .   (no gloves)
MR       .....                  (no boots)
Stlth    ..........             (no amulet)
Regen    0.1/turn               h - ring of wizardry
MPRegen  0.1/turn               (no ring)

@: no status effects
A: iridescent scales 1, agile 1, negative energy resistance 1, electricity
resistance, unbreathing, petrification resistance, rot immunity, AC +3
a: no special abilities


You were on level 3 of the Dungeon.
You were hungry.

You visited 1 branch of the dungeon, and saw 3 of its levels.

You collected 149 gold pieces.

Inventory:

Hand Weapons
 a - a +0 flail (weapon)
Armour
 b - a +0 scale mail (worn)
 c - a +0 shield (worn)
 e - a +0 helmet (worn)
Jewellery
 h - a ring of wizardry (left hand)
Wands
 k - a wand of random effects (43/48)
Potions
 d - a potion of might
Comestibles
 f - 2 bread rations
 g - a chunk of flesh
 i - 2 meat rations
 j - a royal jelly


   Skills:
 + Level 3.8 Fighting
 + Level 2.8 Maces & Flails
 + Level 3.9 Armour
 + Level 0.1 Dodging
 + Level 3.8 Shields


You had 3 spell levels left.
You didn't know any spells.

Dungeon Overview and Level Annotations

Branches:
Dungeon (3/15)

Altars:


Innate Abilities, Weirdness & Mutations

You are resistant to torment.
Your stone body is resilient. (AC +3)
You are immune to poison.
You resist negative energy. (rN+)
You are resistant to electric shocks. (rElec)
You can survive without breathing.
You are immune to petrification.
You are immune to rotting.
You are partially covered in iridescent scales. (AC +2)
You are agile. (Dex +2)


Message History

The orc priest hits you but does no damage.
The orc barely misses you.
The jackal bites you but does no damage.
You barely miss the orc priest.
The orc priest is heavily wounded.
The jackal closely misses you.
The jackal bites you but does no damage. x2
You block the orc's attack. The orc priest barely misses you.
The jackal bites you but does no damage.
You closely miss the orc priest.
The orc priest is heavily wounded.
The jackal bites you.
The jackal bites you but does no damage.
The orc hits you but does no damage. You block the orc priest's attack.
The jackal bites you but does no damage. x2
The orc closely misses you.
The jackal bites you but does no damage.
The orc priest calls down the wrath of Beogh upon you.
Beogh smites you!
You die...

.. . .. ..
.. #### ...
#. ...###
....#.#
.....
.##.... ...
......o##.#


#oo@ho# #!..h##.# #...h .# #...##. .# ..# #. >. # #+ ## You could see an orc
priest, 3 orcs and 3 jackals.

Vanquished Creatures
  An adder (D:2)
  An ooze (D:2)
  2 worms (D:2)
  2 dart slugs (D:1)
  2 leopard geckos (D:1)
  3 orcs (D:3)
  4 giant cockroaches
  6 goblins
  4 hobgoblins
  2 ball pythons
  7 bats
  A frilled lizard (D:1)
  5 kobolds
  4 rats
44 creatures vanquished.

Notes
Turn   | Place    | Note
-------+----------+-------------------------------------------
     0 | D:1      | JeffiDaFish the Gargoyle Fighter began the quest for the Orb.
     0 | D:1      | Reached XP level 1. HP: 14/14 MP: 1/1
   134 | D:1      | Gained mutation: Your spells are a little harder to cast, but a little more powerful. [potion of mutation]
   134 | D:1      | Lost mutation: Your spells are a little harder to cast, but a little more powerful. [potion of mutation]
   134 | D:1      | Gained mutation: You are partially covered in iridescent scales. (AC +2) [potion of mutation]
   134 | D:1      | Gained mutation: You are agile. (Dex +2) [potion of mutation]
   176 | D:1      | Reached XP level 2. HP: 19/19 MP: 2/2
   474 | D:1      | Reached XP level 3. HP: 21/23 MP: 3/3
  1083 | D:2      | Reached XP level 4. HP: 28/29 MP: 4/4
  1389 | D:2      | Found a faded altar of an unknown god.
  1603 | D:3      | Noticed a sky beast
  1619 | D:3      | Killed from afar by an orc priest

Vault maps used:
D:1:      lemuel_arrival_broad_hall, columned_hall_lemuel
D:2:      chequers_ecumenical_altar_lobes, first_bread, hex_tiny
D:3:      minmay_door_path, makhleb_grotto_becter, tgw_sif, uniq_natasha

Action                   |  1- 3 |  4- 6 || total
-------------------------+-------+-------++-------
Melee: Flail             |   108 |    44 ||   152
  Use: Scroll            |     5 |     4 ||     9
       Potion            |     3 |       ||     3
  Eat: Chunk             |     1 |     1 ||     2
Armor: Scale mail        |    67 |    45 ||   112
Dodge: Dodged            |    44 |    23 ||    67
Block: Shield            |    53 |    36 ||    89
